 Dungeon Crawl Stone Soup version 0.16.1-30-g34a7ffa (webtiles) character file.

1245 tyrion the Conjurer (level 8, 0/56 HPs)
             Began as a Mummy Wizard on June 14, 2015.
             Shot with an arrow by a centaur (7 damage)
             ... on level 7 of the Dungeon.
             The game lasted 00:19:37 (9861 turns).

tyrion the Conjurer (Mummy Wizard)                  Turns: 9861, Time: 00:19:37

Health: 0/56       AC:  5    Str: 10    XL:     8   Next: 25%
Magic:  16/20      EV: 12    Int: 19    God:
Gold:   303        SH:  0    Dex: 10    Spells: 6 memorised, 5 levels left

rFire  x x .     SeeInvis .     q - +5 quarterstaff (chaos)
rCold  + + .     Clarity  .     a - +0 robe
rNeg   + + +     SustAb   .     (no shield)
rPois  ∞         Gourm    .     b - +1 hat
rElec  .         Spirit   .     r - +1 cloak
rCorr  .         Warding  .     (no gloves)
rMut   .         Stasis   .     (no boots)
MR     +....                    (no amulet)
Stlth  ++........               (no ring)
                                e - ring of ice

@: somewhat resistant to hostile enchantments, unstealthy
A: no food or potions, fire vulnerability, restore body, cold resistance 1,
negative energy resistance 3, poison resistance, torment resistance, unbreathing
a: no special abilities


You were on level 7 of the Dungeon.
You were not hungry.

You visited 2 branches of the dungeon, and saw 8 of its levels.

You collected 303 gold pieces.

Inventory:

Hand weapons
 f - a cursed +0 dagger
 o - a +0 quarterstaff of pain
 q - a +5 quarterstaff of chaos (weapon)
Armour
 a - a +0 robe (worn)
 b - a +1 hat (worn)
 r - a +1 cloak (worn)
Jewellery
 e - a ring of ice (left hand)
Magical devices
 t - a wand of digging (17)
Scrolls
 d - 2 scrolls of remove curse
 g - a scroll of enchant weapon
 h - a scroll of acquirement {unknown}
 i - a scroll of amnesia
 j - 12 scrolls of identify
 k - a scroll of enchant armour
 m - a scroll of teleportation
Books
 c - a book of Minor Magic

   Spells                             Type                      Level
   a - Magic Dart                     Conjuration                  1
   b - Blink                          Translocation                2
   c - Call Imp                       Summoning                    2
   d - Repel Missiles                 Charms/Air                   2
   e - Slow                           Hexes                        2
   f - Conjure Flame                  Conjuration/Fire             3
   g - Mephitic Cloud                 Conjuration/Poison/Air       3


   Skills:
 - Level 2.0 Fighting
 - Level 2.3 Dodging
 - Level 1.5 Stealth
 + Level 5.8 Spellcasting
 * Level 6.4 Conjurations
 - Level 0.7 Summonings
 - Level 0.7 Translocations


You had 5 spell levels left.
You knew the following spells:

 Your Spells              Type           Power        Failure   Level  Hunger
a - Magic Dart            Conj           ####         1%          1    N/A
b - Blink                 Tloc           N/A          14%         2    N/A
c - Call Imp              Summ           #.......     14%         2    N/A
d - Repel Missiles        Chrm/Air       #.....       21%         2    N/A
e - Mephitic Cloud        Conj/Pois/Air  ##......     14%         3    N/A
f - Conjure Flame         Conj/Fire      #.......     12%         3    N/A

Dungeon Overview and Level Annotations

Branches:
Dungeon (7/15)             Temple (1/1) D:5

Altars:
Ashenzari
Cheibriados
Dithmenos
Elyvilon
Fedhas
Gozag
Kikubaaqudgha
Makhleb
Nemelex Xobeh
Okawaru
Qazlal
Trog
Vehumet
Xom
Yredelemnul
Zin
The Shining One

Shops:
D:6 *


Innate Abilities, Weirdness & Mutations

You do not eat or drink.
Your flesh is vulnerable to fire.
Your flesh is cold resistant.
You are immune to negative energy.
Your system is resistant to poisons.
You are immune to unholy pain and torment.
You can survive without breathing.


Message History

You feel protected from missiles.
The centaur shoots an arrow.
The arrow barely misses you.
The centaur shoots an arrow.
The arrow misses you.
Casting: Repel Missiles
Confirm with . or Enter, or press ? or * to list all spells.
Aiming: Mephitic Cloud
Press: ? - help, Shift-Dir - straight line The ball explodes into a vile cloud!
The stinking cloud engulfs the centaur.
The centaur shoots an arrow.
The arrow hits you! The arrow burns you.
The centaur is engulfed in noxious fumes.
The centaur shoots an arrow.
The arrow hits you. The arrow burns you.
* * * LOW HITPOINT WARNING * * *
The centaur is engulfed in noxious fumes.
The centaur shoots an arrow.
The arrow is repelled.
You feel less protected from missiles.
The centaur is engulfed in noxious fumes.
The centaur shoots an arrow.
The arrow hits you!
* * * LOW HITPOINT WARNING * * *
The arrow burns you!
You die...

..######.....###...#...#..###.###
.## ##....####........## ##.# ##
#.....###........# ##.## ##
##..#....(..####..####.... .###
##..#####.(.## ##.##......
...####..## ##(## #....†###.
##...##.## #.# #....## #
#####...# #.# #.##.##### ##.##
#@# #####..... #..# #§# ######
.##.. #c# .# .## #.# .# # ### ##


You could see a centaur.

Vanquished Creatures
  A centaur (D:6)
  Sigmund (D:4)
  3 wights (D:7)
  5 hounds
  3 worker ants
  A centaur skeleton (D:7)
  3 iguanas
  A mummy (D:6)
  A worker ant zombie (D:6)
  3 gnolls (D:7)
  7 adders
  A worm (D:5)
  2 adder zombies
  6 giant geckos
  2 oozes (D:2)
  4 orcs
  6 giant cockroaches
  14 hobgoblins
  10 jackals
  11 kobolds
  10 bats
  7 giant newts
  12 goblins
  7 quokkas
  A quokka zombie (D:6)
  14 rats
136 creatures vanquished.

Vanquished Creatures (collateral kills)
  The ghost of Murd0ck the Sneak, an experienced OpWz of Vehumet (D:6)
  An ice beast (D:5)
  An ogre (D:4)
  A giant frog (D:7)
  A wyvern zombie (D:7)
  A scorpion (D:5)
  A crimson imp (D:6)
  A jelly (D:5)
  Crazy Yiuf (D:5)
  A hound (D:7)
  3 worms
  2 jackals (D:5)
  A kobold (D:7)
16 creatures vanquished.

Vanquished Creatures (others)
  7 crimson imps
  2 shadow imps
  6 white imps
  An adder skeleton (D:7)
16 creatures vanquished.

Grand Total: 168 creatures vanquished

Notes
Turn   | Place    | Note
--------------------------------------------------------------
     0 | D:1      | tyrion, the Mummy Wizard, began the quest for the Orb.
     0 | D:1      | Reached XP level 1. HP: 13/13 MP: 4/4
   393 | D:1      | Reached skill level 1 in Fighting
   462 | D:1      | Reached XP level 2. HP: 21/21 MP: 0/6
   522 | D:1      | Learned a level 2 spell: Blink
   525 | D:1      | Learned a level 2 spell: Call Imp
   528 | D:1      | Learned a level 2 spell: Repel Missiles
  1554 | D:2      | Reached XP level 3. HP: 12/27 MP: 4/7
  1717 | D:2      | Found an opulent altar of Gozag.
  1769 | D:2      | Found a white marble altar of Elyvilon.
  1982 | D:2      | Reached skill level 1 in Conjurations
  2151 | D:2      | Found a radiant altar of Vehumet.
  3211 | D:3      | Reached XP level 4. HP: 18/33 MP: 1/9
  4135 | D:4      | Noticed Sigmund
  4398 | D:5      | Entered Level 5 of the Dungeon
  4700 | D:5      | Reached XP level 5. HP: 38/38 MP: 1/11
  5052 | D:5      | Noticed Crazy Yiuf
  5144 | D:5      | Killed Crazy Yiuf
  5410 | D:5      | Noticed an ice beast
  5424 | D:5      | Killed an ice beast
  5424 | D:5      | Reached skill level 4 in Spellcasting
  5424 | D:5      | Reached XP level 6. HP: 44/44 MP: 1/15
  5529 | D:5      | Found a staircase to the Ecumenical Temple.
  5590 | D:5      | Learned a level 3 spell: Mephitic Cloud
  5594 | D:5      | Learned a level 3 spell: Conjure Flame
  6286 | D:6      | Found Headd's General Store.
  6376 | D:6      | Found a glowing golden altar of the Shining One.
  6441 | D:6      | Noticed Murd0ck's ghost (experienced OpWz)
  6575 | Temple   | Entered the Ecumenical Temple
  7105 | D:4      | Reached XP level 7. HP: 50/50 MP: 17/17
  7339 | D:4      | Killed Sigmund
  7952 | D:6      | Found a sparkling altar of Nemelex Xobeh.
  8081 | D:6      | Killed Murd0ck's ghost
  8081 | D:6      | Reached skill level 5 in Spellcasting
  8081 | D:6      | Reached skill level 5 in Conjurations
  8221 | D:6      | Found a sparkling altar of Nemelex Xobeh.
  8575 | D:7      | Reached XP level 8. HP: 51/56 MP: 9/20
  8581 | D:7      | Found a basalt altar of Yredelemnul.
  8939 | D:7      | Reached skill level 6 in Conjurations
  9553 | D:7      | Found a stormy altar of Qazlal.
  9554 | D:7      | Found a shimmering altar of Xom.
  9554 | D:7      | Found a blossoming altar of Fedhas.
  9861 | D:7      | Shot with an arrow by a centaur

Action                   |  1- 3 |  4- 6 |  7- 9 || total
-------------------------+-------+-------+-------++-------
Melee: Unarmed           |    10 |       |       ||    10
       Dagger            |    97 |    93 |       ||   190
       Quarterstaff      |       |    79 |    95 ||   174
 Cast: Magic Dart        |   107 |    21 |     2 ||   130
       Call Imp          |     4 |    61 |    41 ||   106
       Blink             |     1 |       |       ||     1
       Mephitic Cloud    |       |     2 |     3 ||     5
       Repel Missiles    |       |       |     3 ||     3
  Use: Scroll            |       |    11 |     1 ||    12
 Stab: Sleeping          |     1 |     4 |     2 ||     7
       Distracted        |       |     1 |     1 ||     2
